 Dungeon Crawl Stone Soup version 0.28.0-53-g5a82cb258f (webtiles) character file.

Game seed: 15522942821271900093

64 croobank the Covert (level 4, -3/41 HPs)
             Began as a Gnoll Delver on May 25, 2022.
             Slain by Sigmund
             ... wielding a +0 scythe
              (10 damage)
             ... on level 2 of the Dungeon.
             The game lasted 00:08:34 (1792 turns).

croobank the Covert (Gnoll Delver)                  Turns: 1792, Time: 00:08:35

Health: -3/41      AC:  5    Str: 10 (11) XL:     4   Next: 12%
Magic:  5/5        EV: 11    Int: 11 (14) God:
Gold:   39         SH:  0    Dex: 10 (13) Spells: 5/5 levels left

rFire   . . .      SeeInvis .   a - +2 spear (vorpal)
rCold   . . .      Faith    .   (no shield)
rNeg    . . .      Spirit   .   k - +0 ring mail
rPois   .          Reflect  .   (no helmet)
rElec   .          Harm     .   (no cloak)
rCorr   .          Rampage  .   (no gloves)
Will    .....                   (no boots)
Stlth   +++.......              (no amulet)
HPRegen 0.13/turn               (no ring)
MPRegen 0.09/turn               (no ring)

@: no status effects
A: fangs 1, strong nose, distributed training, clever 1
a: no special abilities


You were on level 2 of the Dungeon.
You visited 1 branch of the dungeon, and saw 5 of its levels.

You collected 39 gold pieces.

Inventory:

Hand Weapons
 a - a +2 vorpal spear (weapon)
 o - a +0 hand axe
Missiles
 j - 2 atropa-tipped darts (quivered)
 q - 77 stones
 s - a throwing net
Armour
 b - a +0 leather armour
 e - a +0 cloak
 f - a +0 plate armour
 k - a +0 ring mail (worn)
Jewellery
 m - a ring of wizardry
Wands
 g - a wand of digging (3)
Scrolls
 c - 2 scrolls of fog
 h - a scroll of summoning {unknown}
 i - 3 scrolls of teleportation {unknown}
 p - a scroll of identify {unknown}
Potions
 d - 3 potions of haste


   Skills:
 + Level 6.6 Fighting
 + Level 1.0 Short Blades
 + Level 1.0 Long Blades
 + Level 4.6 Axes
 + Level 1.0 Maces & Flails
 + Level 1.0 Polearms
 + Level 1.0 Staves
 + Level 1.0 Slings
 + Level 1.0 Bows
 + Level 1.0 Crossbows
 + Level 1.0 Throwing
 + Level 1.0 Armour
 + Level 4.6 Dodging
 + Level 9.6 Stealth
 + Level 1.0 Shields
 + Level 1.0 Unarmed Combat
 + Level 1.0 Spellcasting
 + Level 0.8 Conjurations
 + Level 0.8 Hexes
 + Level 0.8 Summonings
 + Level 0.8 Necromancy
 + Level 0.8 Translocations
 + Level 0.8 Transmutations
 + Level 0.8 Fire Magic
 + Level 0.8 Ice Magic
 + Level 0.8 Air Magic
 + Level 0.8 Earth Magic
 + Level 0.8 Poison Magic
 + Level 1.1 Invocations
 + Level 1.0 Evocations


You had 5 spell levels left.
You didn't know any spells.
Your spell library was empty.

Dungeon Overview and Level Annotations

Branches:
Dungeon (5/15)             Temple (0/1) D:4

Altars:

Shops:
D:1 [

Annotations:
D:2 Sigmund


Innate Abilities, Weirdness & Mutations

You have very sharp teeth.
Your uncanny sense of smell can sniff out nearby items.
Your experience applies equally to all skills.
Your mind is acute. (Int +2)


Message History

The magic dart hits you.
Reach: a) +2 spear (vorpal)
Press: ? - help, Dir - move target You reach to attack!
You hit something. Something hits you!
Unknown command.
Reach: a) +2 spear (vorpal)
Press: ? - help, Dir - move target You reach to attack!
You barely miss something.
You hear some strange, mumbled words.
A puff of flame appears from out of thin air!
The puff of flame hits you!
* * * LOW HITPOINT WARNING * * *
It was a potion of mutation.
You feel extremely strange.
You feel frail.
You feel clever.
You feel robust. Something hits you.
* * * LOW HITPOINT WARNING * * *
It was a potion of degeneration.
There was something very wrong with that liquid.
You feel weakened.
You feel dopey.
You feel clumsy.
It was a potion of heal wounds.
You feel much better. Something hits you!
Reach: a) +2 spear (vorpal)
Press: ? - help, Dir - move target You reach to attack!
You miss something. Something hits you but does no damage.
Reach: a) +2 spear (vorpal)
Press: ? - help, Dir - move target You reach to attack!
You hit something.
Reach: a) +2 spear (vorpal)
Press: ? - help, Dir - move target You reach to attack!
The adder hisses angrily.
You hit something. Something hits you!
* * * LOW HITPOINT WARNING * * *
Reach: a) +2 spear (vorpal)
Press: ? - help, Dir - move target You reach to attack!
You miss something. Something hits you.
* * * LOW HITPOINT WARNING * * *
Reach: a) +2 spear (vorpal)
Press: ? - help, Dir - move target You reach to attack!
You completely miss something. Something hits you!
You die...

...##....# ........
.......... ........
........... ..._....
.########## ....##...
.### #####..## #### ...##
....... ....##### .S.....
........##########.......
..#####.........@.{(...(.
.<.## #############......
.#..## ..... ..#..# ....
#.##.####### ...
#.##........ ..
#........... #
...#######.. ..## ...


You could see an adder.

Vanquished Creatures
  An adder (D:3)
  An adder skeleton (D:2)
  An orc (D:4)
  5 ball pythons
  3 bats
  3 endoplasms
  3 giant cockroaches
  2 goblins
  4 hobgoblins
  8 jackals (D:1)
  4 kobolds
  2 quokkas (D:2)
  2 frilled lizards
  6 rats
45 creatures vanquished.

Notes
Turn   | Place    | Note
-------+----------+-------------------------------------------
     0 | D:5      | Reached skill level 9 in Stealth
     0 | D:5      | croobank the Gnoll Delver began the quest for the Orb.
     0 | D:5      | Reached XP level 1. HP: 23/23 MP: 1/1
     5 | D:5      | Noticed a phantom
    17 | D:5      | Noticed a hound
    42 | D:4      | Noticed a scorpion
    49 | D:4      | Noticed a phantom
   276 | D:3      | Reached XP level 2. HP: 26/29 MP: 2/2
   311 | D:2      | Found a faded altar of an unknown god.
   625 | D:1      | Reached XP level 3. HP: 35/35 MP: 3/3
  1113 | D:1      | Reached skill level 1 in Invocations
  1216 | D:1      | Found Rossuavyih's Armour Emporium.
  1586 | D:2      | Reached skill level 1 in Short Blades
  1586 | D:2      | Reached skill level 1 in Long Blades
  1586 | D:2      | Reached skill level 1 in Maces & Flails
  1586 | D:2      | Reached skill level 1 in Polearms
  1586 | D:2      | Reached skill level 1 in Staves
  1586 | D:2      | Reached skill level 1 in Slings
  1586 | D:2      | Reached skill level 1 in Bows
  1586 | D:2      | Reached skill level 1 in Crossbows
  1586 | D:2      | Reached skill level 1 in Throwing
  1586 | D:2      | Reached skill level 1 in Armour
  1586 | D:2      | Reached skill level 1 in Shields
  1586 | D:2      | Reached skill level 1 in Unarmed Combat
  1586 | D:2      | Reached skill level 1 in Spellcasting
  1586 | D:2      | Reached skill level 1 in Evocations
  1677 | D:2      | Reached XP level 4. HP: 39/41 MP: 5/5
  1766 | D:2      | Noticed Sigmund
  1785 | D:2      | Gained mutation: You are frail. (-10% HP) [potion of
                  | mutation]
  1785 | D:2      | Gained mutation: Your mind is acute. (Int +2) [potion of
                  | mutation]
  1785 | D:2      | Lost mutation: You are frail. (-10% HP) [potion of
                  | mutation]
  1792 | D:2      | Slain by Sigmund

Illustrated notes

Levels and vault maps discovered:
D:1:      tarquinn_simple_flora_water_b, layout_basic, serial_shops, shop,
          supply_closet_lemuel, nrook_mini_vaults, ebering_dispersal_statue_hall
D:2:      layout_rooms, basic_altar, basic_ecumenical_altar, uniq_sigmund
D:3:      layout_basic, roderic_serpentine_path
D:4:      layout_gridville, minmay_temple_entry_proselytizer, grunt_ministairs_4
D:5:      layout_gridville, lemuel_mausoleum_altar_yredelemnul,
          gup_sewer_entry_glass, serial_shops, nicolae_square_shop,
          serial_bayou_pond_e, uniq_edmund

Skill      XL: |  1  2  3 |
---------------+----------+-----
Stealth        | |  9.6
Invocations    | 1 |  1.1
Short Blades   | 1 |  1.0
Long Blades    | 1 |  1.0
Maces & Flails | 1 |  1.0
Polearms       | 1 |  1.0
Staves         | 1 |  1.0
Slings         | 1 |  1.0
Bows           | 1 |  1.0
Crossbows      | 1 |  1.0
Throwing       | 1 |  1.0
Armour         | 1 |  1.0
Shields        | 1 |  1.0
Unarmed Combat | 1 |  1.0
Spellcasting   | 1 |  1.0
Evocations     | 1 |  1.0
Fighting       | |  6.6
Axes           | |  4.6
Dodging        | |  4.6
Conjurations   | |  0.8
Hexes          | |  0.8
Summonings     | |  0.8
Necromancy     | |  0.8
Translocations | |  0.8
Transmutations | |  0.8
Fire Magic     | |  0.8
Ice Magic      | |  0.8
Air Magic      | |  0.8
Earth Magic    | |  0.8
Poison Magic   | |  0.8

Action                   |  1- 3 |  4- 6 || total
-------------------------+-------+-------++-------
Melee: Hand axe          |    64 |       ||    64
       Bite              |     6 |       ||     6
       Spear             |    38 |    24 ||    62
       Punch             |     1 |       ||     1
Throw: Dart              |       |     2 ||     2
  Use: Scroll            |     2 |       ||     2
       Potion            |     1 |     3 ||     4
 Stab: Sleeping          |    15 |     1 ||    16
Armor: Leather armour    |    17 |       ||    17
       Ring mail         |     3 |     4 ||     7
Dodge: Dodged            |    54 |     9 ||    63
